 Dungeon Crawl Stone Soup version 0.28-a0-661-g144af121cd (webtiles) character file.

Game seed: 14593894423575403725

32 Lekart the Skirmisher (level 3, -1/33 HPs)
             Began as a Draconian Chaos Knight on Oct 14, 2021.
             Was a Plaything of Xom.
             Slain by a red devil (8 damage)
             ... summoned by Xom
             ... on level 2 of the Dungeon.
             The game lasted 00:01:55 (711 turns).

Lekart the Skirmisher (Draconian Chaos Knight)       Turns: 711, Time: 00:01:55

Health: -1/33      AC:  8    Str: 14    XL:     3   Next: 8%
Magic:  3/3        EV: 12    Int: 12    God:    Xom [......]
Gold:   43         SH:  0    Dex: 11    Spells: 2/2 levels left

rFire   . . .      SeeInvis .   a - +0 falchion (chaos)
rCold   . . .      Faith    .   (no shield)
rNeg    . . .      Spirit   .   (armour unavailable)
rPois   .          Reflect  .   (helmet restricted)
rElec   .          Harm     .   (no cloak)
rCorr   .          Rampage  .   (no gloves)
Will    .....                   d - +2 pair of boots
Stlth   +.........              g - amulet of regeneration
HPRegen 1.11/turn               (no ring)
MPRegen 0.08/turn               (no ring)

@: spiked
A: AC +5, unfitting armour, cold-blooded
a: Renounce Religion


You were on level 2 of the Dungeon.
You worshipped Xom.
You were a very special plaything of Xom.
You visited 1 branch of the dungeon, and saw 2 of its levels.

You collected 43 gold pieces.

Inventory:

Hand Weapons
 a - a +0 falchion of chaos (weapon)
 b - a +1 spear of pain
 f - a +2 dagger of pain
Armour
 d - a +2 pair of boots (worn)
Jewellery
 g - an amulet of regeneration (around neck)


   Skills:
 + Level 3.8 Fighting
 + Level 3.7 Long Blades
 + Level 2.3 Dodging


You had 2 spell levels left.
You didn't know any spells.
Your spell library was empty.

Dungeon Overview and Level Annotations

Branches:
Dungeon (2/15)

Altars:


Innate Abilities, Weirdness & Mutations

Your plain brown scales are hard. (AC +5)
You cannot fit into any form of body armour.
You are cold-blooded and may be slowed by cold attacks.


Message History

You hit the red devil but do no damage.
You feel sick. The white imp barely misses you.
The red devil hits you with a +0 trident.
Barbed spikes become lodged in your body.
You barely miss the red devil.
You feel sick.
You are no longer poisoned.
The white imp hits you but does no damage.
The red devil barely misses you.
You closely miss the white imp. The white imp gestures at you.
The puff of frost hits you.
The red devil hits you with a +0 trident.
Barbed spikes become lodged in your body.
This is a scroll of acquirement!
Something appears at your feet!
Xom is amused.
The white imp barely misses you.
The red devil hits you with a +0 trident!
* * * LOW HITPOINT WARNING * * *
Xom is amused.
A shower of butterflies erupts from you!
Barbed spikes become lodged in your body.
The barbs in your skin will harm you if you move.
Continue? [Y]es or [N]o only, please.
The barbs in your skin will harm you if you move.
Continue?
Okay, then.
You aren't carrying any scrolls.
It was a potion of curing.
You feel better.
Xom thinks this is hilarious!
The red devil hits you with a +0 trident!
* * * LOW HITPOINT WARNING * * *
Barbed spikes become lodged in your body.
The white imp hits you but does no damage.
You feel better. The white imp misses you.
The red devil hits you with a +0 trident!
* * * LOW HITPOINT WARNING * * *
Barbed spikes become lodged in your body.
The white imp hits you but does no damage.
The red devil hits you with a +0 trident!
You die...

..# #.#
#.# #.#
##.## ...
#b# #5#
#@#
.....b.4#
#(..#####
..


You could see a red devil (summoned, ally target) and a white imp (summoned).

Vanquished Creatures
  An adder (D:2)
  4 ball pythons (D:1)
  2 bats (D:1)
  An endoplasm (D:1)
  A giant cockroach (D:1)
  4 hobgoblins (D:1)
  A quokka (D:1)
  3 frilled lizards
  2 goblins (D:1)
  3 kobolds (D:1)
  2 rats
24 creatures vanquished.

Notes
Turn   | Place    | Note
-------+----------+-------------------------------------------
     0 | D:1      | Lekart the Draconian Chaos Knight began the quest for the
                  | Orb.
     0 | D:1      | Reached XP level 1. HP: 19/19 MP: 1/1
   173 | D:1      | XOM: divination: detect creatures
   345 | D:1      | Reached XP level 2. HP: 25/26 MP: 2/2
   589 | D:1      | XOM: divination: magic mapping
   703 | D:2      | Reached XP level 3. HP: 29/33 MP: 3/3
   704 | D:2      | XOM: summons 2 hostile demons
   705 | D:2      | Noticed a red devil
   708 | D:2      | Identified a scroll of acquirement
   708 | D:2      | Acquired a +2 vorpal double sword
   708 | D:2      | XOM: butterfly on damage
   711 | D:2      | Slain by a red devil

Illustrated notes

Levels and vault maps discovered:
D:1:      wander_arrival_desolate, layout_rooms
D:2:      layout_loops_ring, hellmonk_ecumenical_altar_heavens_door,
          palyth_stone_intersect

Action                   || total
-------------------------++-------
Melee: Falchion          ||    69
       Tailslap          ||     3
  Use: Potion            ||     2
       Scroll            ||     1
 Stab: Paralysed         ||     1
Armor: Skin              ||    29
Dodge: Dodged            ||    45

Table legend: (Time is in decaauts)
 A = Elapsed time spent in this place.
 B = Non-inter-level travel time spent in this place.
 C = Inter-level travel time spent in this place.
 D = Time resting spent in this place.
 E = Time spent auto-exploring this place.
 F = Levels seen in this place.
 G = Mean time per level.
                   A        B        C        D        E       F      G
               +--------+--------+--------+--------+--------+-----+--------+
         Total |    720 |    693 |     27 |      0 |    516 |   2 |  360.0 |
       Dungeon |    720 |    693 |     27 |      0 |    516 |   2 |  360.0 |
               +--------+--------+--------+--------+--------+-----+--------+

Top non-repeatable levels by time:
     D:1: 705 daAuts
     D:2: 15 daAuts
